 Dungeon Crawl Stone Soup version 0.29.1-14-g9c671dbff4 (webtiles) character file.

Game seed: 18343761077001705433

116 hawla the Chiller (level 5, -3/35 (38) HPs)
             Began as a Meteoran Ice Elementalist on Feb 18, 2023.
             Slain by a wight
             ... wielding a +0 dire flail
              (13 damage)
             ... on level 3 of the Dungeon.
             The game lasted 00:04:43 (923 turns).

hawla the Chiller (Meteoran Ice Elementalist)        Turns: 923, Time: 00:04:43

HP:   -3/35 (38)    AC: 12    Str:  9    XL:     5   Next: 46%
MP:   11/11         EV: 12    Int: 24    God:
Gold: 127           SH:  0    Dex: 15    Spells: 3/11 levels left

rFire   . . .      SeeInvis .   j - +1 morningstar (protect)
rCold   . . .      Faith    .   (no shield)
rNeg    . . .      Spirit   .   a - +0 robe
rPois   .          Reflect  .   (no helmet)
rElec   .          Harm     .   d - +0 cloak
rCorr   .          Rampage  .   h - +1 pair of gloves
Will    .....                   (no boots)
Stlth   +.........              (no amulet)
HPRegen 0.11/turn               b - +6 ring of intelligence
MPRegen 0.12/turn               (no ring)

@: under a protective aura, attractive, glowing, drained
A: sense surroundings 1, otherworldly, glowing, explore regen
a: no special abilities


You were on level 3 of the Dungeon.
You visited 1 branch of the dungeon, and saw 5 of its levels.

You collected 127 gold pieces.

Inventory:

Hand Weapons
 j - a +1 morningstar of protection (weapon)
Armour
 a - a +0 robe (worn)
 d - a +0 cloak (worn)
 h - a +1 pair of gloves (worn)
Jewellery
 b - a +6 ring of intelligence (left hand)
Scrolls
 c - a scroll of identify
Potions
 e - 2 potions of curing
 g - a potion of heal wounds {unknown}
 i - a potion of brilliance {unknown}


   Skills:
 - Level 2.4 Dodging
 - Level 1.4 Stealth
 - Level 3.5 Spellcasting
 + Level 3.2 Conjurations
 - Level 5.4 Ice Magic


You had 3 spell levels left.
You knew the following spells:

 Your Spells              Type           Power      Damage    Failure   Level
a - Freeze                Ice            100%       1d11      1%          1
b - Frozen Ramparts       Ice            60%        1d10      3%          3
c - Hailstorm             Conj/Ice       25%        3d7       17%         4

Your spell library contained the following spells:

 Spells                   Type           Power      Damage    Failure   Level
 Ozocubu's Armour         Ice            30%        N/A       3%          3


Dungeon Overview and Level Annotations

Branches:
Dungeon (5/15) Zot: 2074
 Temple: D:4-7

Altars:
Dithmenos
Elyvilon
Qazlal
Ru
Yredelemnul

Annotations:
D:4 Blork the orc


Innate Abilities, Weirdness & Mutations

You passively map a small area around you.
You are easily found by Zot.
You glow in the dark.
You regain HP and MP as you explore.


Message History

(D) Dungeon
Where to? (Enter - D:2 @ (x,y), ? - help)
What level of the Dungeon? (default 1, ? - help)
There is a stone staircase leading down, spattered with blood here.
You climb downwards.
There is a stone staircase leading up here.
(D) Dungeon
Where to? (Enter - D:3, ? - help)
What level of the Dungeon? (default 1, ? - help)
There is a stone staircase leading down here.
You climb downwards.
Level annotation: Blork the orc Blork the orc shouts!
Blork the orc looks encouraged for a moment.
The wight closely misses you. The wight misses you.
Blork the orc screams, "I'm much stronger than you!"
The wight hits you but does no damage.
The wight hits you with a +0 dire flail.
There is a stone staircase leading up, spattered with blood here.
The wight barely misses you. The wight completely misses you.
You climb upwards.
There is a stone staircase leading down here.
You closely miss the wight. The wight hits you with a +0 spear.
You feel drained.
The wight hits you with a +0 dire flail!
You thump the wight!
Your weapon exudes an aura of protection.
The wight is heavily damaged.
The wight barely misses you.
The wight hits you with a +0 dire flail.
* * * LOW HITPOINT WARNING * * *
You feel drained.
* * * LOW HITPOINT WARNING * * *
The wight hits you but does no damage. The wight barely misses you.
Okay, then.
It was a potion of attraction.
You feel attractive to monsters. The wight misses you.
The wight hits you with a +0 dire flail!
You die...

* #..........#
#..........#
#..........#
#..........#
##........##
#...>......# ** *
#.....[....# , ,
#.....z....# ,
#.....@....# , ,
#..).z.....# ,
#........<## ..
#.#......##
#...######.########
###.....##.#
.....##.##.#####
...............##
..........####<.#


You could see 2 wights.

Vanquished Creatures
  An iguana (D:5)
  An orc wizard (D:2)
  2 adders
  An ufetubus (D:4)
  2 worms (D:2)
  4 orcs
  A ball python (D:2)
  A bat (D:2)
  4 endoplasms
  3 goblins
  3 hobgoblins
  A quokka (D:2)
  2 frilled lizards
  5 kobolds
  2 rats
33 creatures vanquished.

Notes
Turn   | Place    | Note
-------+----------+-------------------------------------------
     0 | D:1      | hawla the Meteoran Ice Elementalist began the quest for the
                  | Orb.
     0 | D:1      | Reached XP level 1. HP: 14/14 MP: 5/5
    47 | D:2      | Reached XP level 2. HP: 20/20 MP: 2/6
    84 | D:2      | Reached XP level 3. HP: 24/26 MP: 4/8
    88 | D:2      | Learned a level 3 spell: Frozen Ramparts
   128 | D:2      | Reached skill level 5 in Ice Magic
   153 | D:2      | Reached XP level 4. HP: 14/33 MP: 8/10
   170 | D:2      | Learned a level 4 spell: Hailstorm
   338 | D:2      | Reached skill level 1 in Conjurations
   572 | D:4      | Noticed a wight
   572 | D:4      | Noticed a wight
   572 | D:4      | Noticed a wight
   572 | D:4      | Noticed a wight
   572 | D:4      | Noticed a wight
   577 | D:4      | Noticed Blork the orc
   658 | D:4      | Found a sacrificial altar of Ru.
   665 | D:4      | Found a stormy altar of Qazlal.
   677 | D:5      | Entered Level 5 of the Dungeon
   715 | D:5      | Reached XP level 5. HP: 36/38 MP: 5/11
   716 | D:5      | Noticed a phantom
   834 | D:3      | Found a basalt altar of Yredelemnul.
   834 | D:3      | Found a shadowy altar of Dithmenos.
   834 | D:3      | Found a white marble altar of Elyvilon.
   923 | D:3      | Slain by a wight

Illustrated notes

Levels and vault maps discovered:
D:1:      matt_arrival_grand_opening, layout_basic, serial_shops,
          nicolae_shop_behind_doors, shapermc_ecumenical_altar_flowoftime,
          chequers_jeans
D:2:      layout_basic
D:3:      layout_rooms, gammafunk_temple_overflow_claw,
          mainiacjoe_overflow_alcove_1, uniq_terence
D:4:      layout_basic, mainiacjoe_overflow_large_starburst, uniq_blork_the_orc
D:5:      kennysheep_kobold_camp, layout_loops_ring,
          mainiacjoe_overflow_small_starburst, minmay_temple_entry_from_below_a

Skill      XL: |  1  2  3  4  5 |
---------------+----------------+-----
Spellcasting   | 3 |  3.5
Ice Magic      | 5 |  5.4
Conjurations   | 2 3 |  3.2
Dodging        | |  2.4
Stealth        | |  1.4

Action                   |  1- 3 |  4- 6 || total
-------------------------+-------+-------++-------
Melee: Unarmed           |       |     3 ||     3
       Morningstar       |       |     2 ||     2
 Cast: Freeze            |    20 |    28 ||    48
       Frozen Ramparts   |       |     6 ||     6
       Hailstorm         |       |     2 ||     2
  Use: Potion            |     1 |     1 ||     2
       Scroll            |       |     3 ||     3
Armor: Robe              |     4 |     9 ||    13
Dodge: Dodged            |    13 |    24 ||    37
